 Dungeon Crawl Stone Soup version 0.27.1-1-g398f81649c (webtiles) character file.

Game seed: 12474610602445137260

1591 pkoi the Covered (level 8, -2/73 HPs)
             Began as a Minotaur Fighter on Sept 22, 2021.
             Was a Follower of Okawaru.
             Killed from afar by an electric eel (7 damage)
             ... with a bolt of electricity
             ... on level 6 of the Dungeon.
             The game lasted 00:06:33 (7662 turns).

pkoi the Covered (Minotaur Fighter)                 Turns: 7662, Time: 00:06:34

Health: -2/73      AC: 20    Str: 23    XL:     8   Next: 61%
Magic:  5/7        EV: 11    Int:  5    God:    Okawaru [*.....]
Gold:   259        SH:  9    Dex: 10    Spells: 7/7 levels left

rFire    . . .     SeeInvis .   m - +2 mace (protect)
rCold    . . .     Faith    .   w - +2 buckler
rNeg     . . .     Spirit   .   b - +0 scale mail
rPois    .         Reflect  .   (helmet restricted)
rElec    .         Harm     .   o - +0 cloak
rCorr    .         Rampage  .   (no gloves)
Will     .....                  B - +1 pair of boots
Stlth    +.........             (no amulet)
HPRegen  0.22/turn              (no ring)
MPRegen  0.10/turn              (no ring)

@: heroic, under a protective aura, very slow
A: horns 2, retaliatory headbutt
a: Renounce Religion, Heroism


You were on level 6 of the Dungeon.
You worshipped Okawaru.
Okawaru was aware of your devotion.
You visited 2 branches of the dungeon, and saw 7 of its levels.

You collected 439 gold pieces.
You spent 180 gold pieces at shops.

Inventory:

Hand Weapons
 a - a +0 vorpal flail
 m - a +2 mace of protection (weapon)
Missiles
 h - 6 datura-tipped darts (quivered)
 p - 3 boomerangs of dispersal
 v - a throwing net
 C - 22 poisoned darts
 D - 5 curare-tipped darts
Armour
 b - a +0 scale mail (worn)
 c - a +0 kite shield
 o - a +0 cloak (worn)
 w - a +2 buckler (worn)
 B - a +1 pair of boots (worn)
Jewellery
 j - a +6 ring of intelligence
 E - a ring of see invisible
Wands
 r - a wand of flame (16)
 y - a wand of digging (7)
Scrolls
 k - a scroll of summoning
 n - 2 scrolls of teleportation
 q - 2 scrolls of identify
 t - a scroll of amnesia
Potions
 d - 2 potions of might
 e - a potion of degeneration {unknown}
 f - 2 potions of heal wounds {unknown}
 g - 3 potions of curing {unknown}
 i - 3 potions of attraction {unknown}
 l - 2 potions of cancellation {unknown}
 s - a potion of flight
 u - a potion of magic {unknown}
 z - a potion of invisibility {unknown}
 A - a potion of haste {unknown}


   Skills:
 + Level 7.4(12.4) Fighting
 + Level 7.0(12.0) Maces & Flails
 + Level 7.5(12.5) Armour
 + Level 7.4(12.4) Shields


You had 7 spell levels left.
You didn't know any spells.
Your spell library was empty.

Dungeon Overview and Level Annotations

Branches:
Dungeon (6/15)             Temple (1/1) D:5

Altars:
Ashenzari
Cheibriados
Dithmenos
Elyvilon
Fedhas
Gozag
Hepliaklqana
Kikubaaqudgha
Makhleb
Nemelex Xobeh
Okawaru
Qazlal
Ru
Sif Muna
Trog
Uskayaw
Vehumet
Wu Jian
Xom
Yredelemnul
Zin
The Shining One

Shops:
D:1 [   D:2 =

Annotations:
D:4 2 transporters, speeev33's ghost, amateur HOFi


Innate Abilities, Weirdness & Mutations

You have a pair of horns on your head.
You reflexively headbutt those who attack you in melee.


Message History

Your unstable footing causes you to fumble your attack.
You completely miss the electric eel. Your headbutt misses the electric eel.
The electric eel is moderately wounded.
The electric eel shoots out a bolt of lightning at you!
The bolt of electricity misses you.
Unknown command.
You gain the combat prowess of a mighty hero.
The electric eel shoots out a bolt of lightning at you!
The bolt of electricity hits you but does no damage.
You thump the electric eel!
Your weapon exudes an aura of protection.
Your headbutt misses the electric eel.
The electric eel is severely wounded.
Your unstable footing causes you to fumble your attack.
You closely miss the electric eel.
The electric eel is severely wounded.
Your unstable footing causes you to fumble your attack.
The electric eel shoots out a bolt of lightning at you!
The bolt of electricity hits you!
* * * LOW HITPOINT WARNING * * *
Unknown command.
Your unstable footing causes you to fumble your attack.
The electric eel shoots out a bolt of lightning at you!
The bolt of electricity hits you.
* * * LOW HITPOINT WARNING * * *
Your unstable footing causes you to fumble your attack.
The electric eel shoots out a bolt of lightning at you!
The bolt of electricity hits you.
* * * LOW HITPOINT WARNING * * *
You hit the electric eel.
Your weapon exudes an aura of protection.
The electric eel is almost dead.
Unknown command.
You miss the electric eel.
The electric eel is almost dead.
You barely miss the electric eel.
The electric eel is almost dead.
The electric eel shoots out a bolt of lightning at you!
The bolt of electricity hits you!
You die...

#... .. #...
###. ......
####... .#
...... #≈≈≈≈≈
≈≈ ......
#≈#≈≈ ≈#
#...##
#≈#≈###≈# #.##
#≈#≈≈≈≈≈#≈# #.
#;@≈≈≈≈≈≈≈#
###...#.##
##..#.#
#.####..#.###
#...........#
######..#.#.#
#...........#
.####
##.###..#.#...
.....
#..#.....
.....


You could see an electric eel.

Vanquished Creatures
  Menkaure (D:5)
  Purgy (D:4)
  A black bear (D:6)
  An ogre (D:5)
  2 gnoll sergeants (D:6)
  A bullfrog (D:6)
  2 scorpions (D:5)
  A water moccasin zombie (D:6)
  3 wights (D:6)
  3 hounds (D:5)
  A bullfrog zombie (D:5)
  Crazy Yiuf (D:2)
  2 orc priests (D:3)
  2 iguanas (D:6)
  Jessica (D:3)
  Ijyb (D:3)
  3 orc wizards (D:3)
  A hound skeleton (D:5)
  A howler monkey zombie (D:6)
  8 adders
  12 gnolls
  An ufetubus (D:5)
  3 worms
  2 dart slugs
  15 orcs
  8 bats
  3 endoplasms
  8 goblins
  8 hobgoblins
  6 kobolds
  4 quokkas
  5 ball pythons (D:1)
  9 rats
121 creatures vanquished.

Notes
Turn   | Place    | Note
-------+----------+-------------------------------------------
     0 | D:1      | pkoi the Minotaur Fighter began the quest for the Orb.
     0 | D:1      | Reached XP level 1. HP: 19/19 MP: 0/0
   285 | D:1      | Reached XP level 2. HP: 27/27 MP: 1/1
   621 | D:1      | Found Itoaruor's Antique Armour Emporium.
   838 | D:2      | Reached XP level 3. HP: 33/33 MP: 2/2
  1465 | D:2      | Reached XP level 4. HP: 40/40 MP: 3/3
  1671 | D:2      | Found Voluqunycs's Jewellery Emporium.
  1683 | D:2      | Found a runed translucent door.
  1684 | D:2      | Noticed Crazy Yiuf
  1693 | D:2      | Killed Crazy Yiuf
  2065 | D:3      | Reached XP level 5. HP: 27/47 MP: 4/4
  2102 | D:3      | Noticed Jessica
  2108 | D:3      | Killed Jessica
  2109 | D:3      | Reached skill level 5 in Armour
  2119 | D:3      | Reached skill level 5 in Fighting
  2119 | D:3      | Reached skill level 5 in Shields
  2515 | D:3      | Reached XP level 6. HP: 13/56 MP: 5/5
  2969 | D:3      | Noticed Ijyb
  2992 | D:3      | Killed Ijyb
  3765 | D:4      | Found a transporter.
  3765 | D:4      | Noticed speeev33's ghost (amateur HOFi)
  3773 | D:4      | Found a transporter.
  4449 | D:4      | You fall into a shaft and drop 1 floor!
  4449 | D:5      | Entered Level 5 of the Dungeon
  4459 | D:5      | Found a staircase to the Ecumenical Temple.
  4468 | Temple   | Entered the Ecumenical Temple
  4585 | Temple   | Became a worshipper of Warmaster Okawaru
  4760 | D:5      | Reached skill level 5 in Maces & Flails
  4760 | D:5      | Reached XP level 7. HP: 10/62 MP: 6/6
  5221 | D:5      | Found a glowing golden altar of the Shining One.
  5323 | D:5      | Reached * piety under Okawaru
  5430 | D:4      | Noticed Purgy
  5442 | D:4      | Killed Purgy
  5581 | D:1      | Bought a pair of embroidered boots for 180 gold pieces
  6474 | D:5      | Noticed Menkaure
  6482 | D:5      | Killed Menkaure
  6777 | D:6      | Reached XP level 8. HP: 71/71 MP: 7/7
  7662 | D:6      | Killed from afar by an electric eel

Illustrated notes

Levels and vault maps discovered:
D:1:      minmay_arrival_semitransparent, layout_basic, serial_shops, shop,
          minmay_misc_feat_room
D:2:      layout_basic, serial_shops, shop, uniq_crazy_yiuf_cottage
D:3:      layout_loops_cross, uniq_jessica, uniq_ijyb
D:4:      layout_layer_cave, gammafunk_ghost_smash, roderic_roman_lattice,
          uniq_purgy
D:5:      layout_gridville, amcnicky_altar_gilded,
          minmay_temple_entry_sparse_star, minmay_tree_intersection,
          uniq_menkaure
D:6:      layout_basic, minmay_crystal_room, minmay_crystal_water
Temple:   dpeg_three_leaves_temple

Skill      XL: |  1  2  3  4  5  6  7  8 |
---------------+-------------------------+-----
Fighting       | 4 5 6 7 |  7.4
Shields        | 4 5 6 7 |  7.4
Armour         | 4 5 6 7 |  7.5
Maces & Flails | 3 4 5 6 7 |  7.0

Action                   |  1- 3 |  4- 6 |  7- 9 || total
-------------------------+-------+-------+-------++-------
Melee: Flail             |   105 |       |       ||   105
       Headbutt          |    10 |    23 |    34 ||    67
       Mace              |     3 |   180 |   148 ||   331
Invok: Heroism           |       |       |     2 ||     2
  Use: Scroll            |       |       |     6 ||     6
Armor: Scale mail        |    53 |    87 |    73 ||   213
Dodge: Dodged            |    32 |    51 |    80 ||   163
Block: Kite shield       |    69 |    71 |       ||   140
       Buckler           |       |    20 |    52 ||    72
